 Dungeon Crawl Stone Soup version 0.27-a0-1322-gfdffb62a71 (webtiles) character file.

Game seed: 11943692026736473

9879 ipx the Destroyer (level 11, -7/54 HPs)
             Began as a Deep Elf Fire Elementalist on June 22, 2021.
             Was a Follower of Sif Muna.
             Killed by the air
             ... invoked by Gastronok
              (26 damage)
             ... on level 3 of the Lair of Beasts.
             The game lasted 01:16:38 (4262 turns).

ipx the Destroyer (Deep Elf Fire Elementalist)      Turns: 4262, Time: 01:16:38

Health: -7/54      AC:  5    Str:  5    XL:     11   Next: 28%
Magic:  5/25       EV: 16    Int: 24    God:    Sif Muna [*.....]
Gold:   255        SH:  0    Dex: 15    Spells: 6/26 levels left

rFire    + + .     SeeInvis .   a - staff of fire
rCold    . . .     Faith    .   (no shield)
rNeg     . . .     Spirit   .   B - +1 robe
rPois    .         Reflect  .   (no helmet)
rElec    .         Harm     .   y - +0 cloak
rCorr    .         Rampage  .   A - +0 pair of gloves
Will     +....                  (no boots)
Stlth    +++.......             (no amulet)
HPRegen  0.18/turn              f - ring of protection from fire
MPRegen  0.19/turn              w - ring of wizardry

@: no status effects
A: no striking features
a: Renounce Religion, Channel Magic


You were on level 3 of the Lair of Beasts.
You worshipped Sif Muna.
Sif Muna was aware of your devotion.
You visited 3 branches of the dungeon, and saw 12 of its levels.
You also visited: Sewer.

You collected 310 gold pieces.
You spent 55 gold pieces at shops.

Inventory:

Hand Weapons
 b - a +2 dagger of venom
Missiles
 D - a throwing net
 E - 5 atropa-tipped darts
Armour
 y - a +0 cloak (worn)
 A - a +0 pair of gloves (worn)
 B - a +1 robe (worn)
Magical Staves
 a - a staff of fire (weapon)
Jewellery
 f - a ring of protection from fire (left hand)
 w - a ring of wizardry (right hand)
 z - a ring of resist corrosion
Wands
 n - a wand of polymorph (5)
 x - a wand of paralysis (6)
 J - a wand of flame (16)
Scrolls
 g - 2 scrolls of enchant armour
 h - 3 scrolls of fog
 j - a scroll of teleportation
 p - 2 scrolls of blinking
 q - 2 scrolls of enchant weapon
 v - a scroll of magic mapping
 C - a scroll of acquirement {unknown}
 F - a scroll of amnesia {unknown}
 G - a scroll of noise {unknown}
 H - a scroll of vulnerability
 K - a scroll of immolation {unknown}
 L - a scroll of torment {unknown}
Potions
 c - a potion of ambrosia {unknown}
 d - 2 potions of attraction {unknown}
 e - a potion of brilliance {unknown}
 i - 4 potions of haste {unknown}
 k - 2 potions of lignification {unknown}
 l - 2 potions of mutation {unknown}
 m - 2 potions of resistance {unknown}
 o - a potion of invisibility {unknown}
 r - 8 potions of heal wounds
 s - a potion of flight {unknown}
 t - 5 potions of curing
 u - 2 potions of might {unknown}
 I - a potion of magic {unknown}
Miscellaneous
 M - a phial of floods


   Skills:
 + Level 8.9 Dodging
 - Level 5.0 Stealth
 - Level 8.0 Spellcasting
 - Level 10.0 Conjurations
 - Level 8.0 Fire Magic
 + Level 5.4 Ice Magic
 + Level 2.9 Air Magic
 - Level 8.0 Invocations
 - Level 3.0 Evocations


You had 6 spell levels left.
You knew the following spells:

 Your Spells              Type           Power      Damage    Failure   Level
b - Fireball              Conj/Fire      34%        3d14      1%          5
c - Freezing Cloud        Conj/Ice/Air   19%        6-21      6%          5
f - Conjure Flame         Conj/Fire      68%        6-21      1%          3
t - Sticky Flame          Conj/Fire      68%        2d8       1%          4
v - Poisonous Vapours     Pois/Air       32%        N/A       2%          2
z - Foxfire               Conj/Fire      100%       2x1d9     1%          1

Your spell library contained the following spells:

 Spells                   Type           Power      Damage    Failure   Level
 Inner Flame              Hex/Fire       43%        N/A       1%          3
 Mephitic Cloud           Conj/Pois/Air  30%        N/A       1%          3


Dungeon Overview and Level Annotations

Branches:
Dungeon (8/15)             Temple (1/1) D:5            Lair (3/6) D:8
  Sewer (visited)
  Swamp: Lair:2-4    Shoals: Lair:2-4     Snake: Lair:2-4    Spider: Lair:2-4

Altars:
Ashenzari
Dithmenos
Fedhas
Kikubaaqudgha
Makhleb
Sif Muna
Uskayaw
Wu Jian
The Shining One

Shops:
D:1 !   D:4 (   D:6 [

Annotations:
D:6 3 runed translucent doors, exclusion: player ghost, crasatator's ghost, novice TrFi
Lair:1 exclusion: player ghost, rigao's ghost, journeyman HOGl
Lair:3 Gastronok


Message History

Aim: a seven-headed hydra (moderately wounded)
You feel a surge of power!
The fireball explodes!
The fireball engulfs the seven-headed hydra!!
The seven-headed hydra is severely wounded.
You hear a trumpeting!
You feel less invigorated.
Casting: Fireball (dangerous; 1% risk of failure)
Confirm with . or Enter, or press ? or * to list all spells.
Aiming: Fireball (dangerous; 1% risk of failure)
Press: ? - help, Shift-Dir - straight line, p - seven-headed hydra You feel a surge of power!
The fireball explodes!
The fireball engulfs the seven-headed hydra!!!
You kill the seven-headed hydra!
Sif Muna accepts your kill.
Your Ice Magic skill increases to level 5!
Casting: Fireball (dangerous; 1% risk of failure)
Confirm with . or Enter, or press ? or * to list all spells.
Aiming: Fireball (dangerous; 1% risk of failure)
Press: ? - help, Shift-Dir - straight line You feel a surge of power!
The fireball explodes!
The fireball engulfs the plant!!
The plant begins to die.
The plant is lightly damaged.
The fireball engulfs the naga!
The naga is heavily wounded.
Casting: Fireball (dangerous; 1% risk of failure)
Confirm with . or Enter, or press ? or * to list all spells.
Aiming: Fireball (dangerous; 1% risk of failure)
Press: ? - help, Shift-Dir - straight line You feel a surge of power!
The fireball explodes!
The fireball engulfs the plant!
The plant is moderately damaged.
The fireball engulfs the naga!!
You kill the naga!
Sif Muna accepts your kill.
You hear a trumpeting!
You see here a hydra corpse.
A nearby plant withers and dies.
Gastronok waves his eye-stalks in wide circles.
The air twists around and strikes you!!
You die...

##.N.##.w..#.#.).##.
#P...##..PwP.......## .. ##
#...............#..##.##.
##.##........................
.............................
.............................
............†................
#P.##P....##P##P+##..........
### ##...#####P.@#P..........
#.####...##.......+...######
...##P....#......#...##
...###..)#........#..# ......
...###...........##..#
.....+.
....##...#.......#P..#
.....Y.
.....'...........#...##
......
...###....#.......#..P# ....
#.###.....#########...###PP#


You could see Gastronok.

Vanquished Creatures
  A boulder beetle (Lair:2)
  2 hydras
  A smoke demon (Lair:3)
  A black mamba (Lair:1)
  2 rime drakes
  2 cane toads
  2 komodo dragons (Lair:1)
  6 blink frogs
  A ynoxinul (Lair:3)
  7 yaks
  2 wyverns
  A steam dragon (D:8)
  2 nagas (Lair:3)
  An orc warrior (D:6)
  A sky beast (D:5)
  4 black bears
  A necrophage (D:4)
  2 centaurs
  3 phantoms
  A kobold brigand (Sewer)
  Blork the orc (D:5)
  2 bullfrogs
  A wyvern skeleton (D:6)
  A scorpion (D:4)
  2 wyvern zombies
  8 wights (D:8)
  A bullfrog zombie (D:5)
  2 hounds (D:3)
  2 jellies
  2 centaur skeletons
  3 orc wizards
  Natasha (twice) (D:2)
  13 gnolls
  3 river rats (Sewer)
  11 adders
  An ufetubus (D:6)
  An adder skeleton (D:4)
  A worm (D:2)
  4 dart slugs
  14 orcs
  An endoplasm (D:3)
  5 giant cockroaches (D:6)
  6 goblins
  9 hobgoblins
  10 jackals
  5 quokkas
  5 ball pythons
  3 bats
  4 frilled lizards
  21 kobolds
  25 rats
212 creatures vanquished.

Vanquished Creatures (collateral kills)
  4 yaks (D:8)
  A black bear (D:8)
  A wight (D:8)
  4 foxfires
10 creatures vanquished.

Vanquished Creatures (others)
  A bush (Lair:3)
  715 foxfires
  18 fungi
  9 plants
  A withered plant (D:1)
744 creatures vanquished.

Grand Total: 966 creatures vanquished

Notes
Turn   | Place    | Note
-------+----------+-------------------------------------------
     0 | D:1      | ipx the Deep Elf Fire Elementalist began the quest for the
                  | Orb.
     0 | D:1      | Reached XP level 1. HP: 10/10 MP: 6/6
   107 | D:1      | Found Laenam's Distillery.
   118 | D:1      | Bought 2 potions of degeneration for 22 gold pieces
   204 | D:1      | Reached skill level 2 in Conjurations
   228 | D:1      | Reached XP level 2. HP: 15/15 MP: 5/8
   325 | D:1      | Bought a potion of curing for 33 gold pieces
   345 | D:2      | Noticed Natasha
   350 | D:2      | Killed Natasha
   351 | D:2      | Reached skill level 3 in Conjurations
   351 | D:2      | Reached XP level 3. HP: 19/19 MP: 3/9
   443 | D:2      | Learned a level 3 spell: Conjure Flame
   449 | D:2      | Noticed a black bear
   485 | D:1      | Reached XP level 4. HP: 17/24 MP: 0/10
   517 | D:2      | Noticed Natasha
   521 | D:2      | Killed Natasha
   551 | D:1      | Found a faded altar of an unknown god.
   571 | D:1      | Became a worshipper of Makhleb the Destroyer
   571 | D:1      | Reached * piety under Makhleb
   655 | D:2      | Reached skill level 4 in Conjurations
   775 | D:2      | Reached XP level 5. HP: 28/28 MP: 5/11
   864 | D:3      | Reached skill level 5 in Conjurations
   957 | D:3      | Reached ** piety under Makhleb
  1043 | D:4      | Noticed a necrophage
  1090 | D:4      | Killed a necrophage
  1091 | D:4      | Reached skill level 5 in Fire Magic
  1091 | D:4      | Reached XP level 6. HP: 32/32 MP: 1/12
  1204 | D:3      | Learned a level 4 spell: Sticky Flame
  1235 | D:4      | Learned a level 2 spell: Poisonous Vapours
  1312 | D:4      | Reached skill level 6 in Conjurations
  1354 | D:5      | Entered Level 5 of the Dungeon
  1456 | D:5      | Noticed a sky beast
  1466 | D:5      | Killed a sky beast
  1467 | D:5      | Reached XP level 7. HP: 36/36 MP: 1/13
  1564 | D:6      | Found a glowing drain.
  1576 | D:6      | Reached *** piety under Makhleb
  1581 | Sewer    | Entered a sewer
  1848 | Sewer    | Reached skill level 1 in Invocations
  1996 | Sewer    | Reached **** piety under Makhleb
  2161 | D:6      | Found Zesaut's Armour Shop.
  2217 | D:6      | Reached skill level 5 in Dodging
  2217 | D:6      | Reached skill level 5 in Stealth
  2217 | D:6      | Reached XP level 8. HP: 38/41 MP: 2/14
  2328 | D:6      | Found a runed translucent gate.
  2330 | D:6      | Found a runed translucent gate.
  2330 | D:6      | Found a runed translucent gate.
  2330 | D:6      | Noticed crasatator's ghost (novice TrFi)
  2383 | D:5      | Reached skill level 1 in Evocations
  2424 | D:5      | Reached skill level 1 in Air Magic
  2424 | D:5      | Noticed Blork the orc
  2428 | D:5      | Killed Blork the orc
  2598 | D:4      | Found Osidghiby's Weapon Shoppe.
  2696 | D:5      | Found a staircase to the Ecumenical Temple.
  2705 | Temple   | Entered the Ecumenical Temple
  2736 | Temple   | Fell from the grace of Makhleb
  2736 | Temple   | Became a worshipper of Sif Muna the Loreminder
  2958 | D:7      | Reached skill level 5 in Invocations
  3187 | D:8      | Reached XP level 9. HP: 43/45 MP: 8/16
  3193 | D:8      | Learned a level 5 spell: Fireball
  3211 | D:8      | Reached skill level 7 in Conjurations
  3319 | D:8      | Reached skill level 5 in Spellcasting
  3322 | D:8      | Reached * piety under Sif Muna
  3326 | D:8      | Reached skill level 8 in Conjurations
  3356 | D:8      | Learned a level 5 spell: Freezing Cloud
  3364 | D:8      | Found a staircase to the Lair.
  3378 | D:8      | Reached skill level 1 in Ice Magic
  3395 | Lair:1   | Entered Level 1 of the Lair of Beasts
  3435 | Lair:1   | Noticed a rime drake
  3447 | Lair:1   | Killed a rime drake
  3469 | Lair:1   | Noticed a cane toad
  3473 | Lair:1   | Noticed a komodo dragon
  3477 | Lair:1   | Killed a cane toad
  3478 | Lair:1   | Reached XP level 10. HP: 13/50 MP: 24/24
  3537 | Lair:1   | Noticed an eight-headed hydra
  3568 | Lair:1   | Noticed a black mamba
  3576 | Lair:1   | Killed a black mamba
  3634 | Lair:2   | Noticed a five-headed hydra
  3646 | Lair:2   | Killed a five-headed hydra
  3647 | Lair:2   | Reached skill level 9 in Conjurations
  3728 | Lair:1   | Noticed rigao's ghost (journeyman HOGl)
  3799 | Lair:2   | Found an ornate altar of the Wu Jian Council.
  3799 | Lair:2   | Found a hide-covered altar of Uskayaw.
  3799 | Lair:2   | Noticed a boulder beetle
  3825 | Lair:2   | Killed a boulder beetle
  3969 | Lair:3   | Noticed an elephant
  3972 | Lair:3   | Noticed an elephant
  3975 | Lair:3   | Noticed an elephant
  3999 | Lair:3   | Noticed a cane toad
  4005 | Lair:3   | Reached XP level 11. HP: 33/54 MP: 9/25
  4007 | Lair:3   | Noticed Gastronok
  4152 | Lair:3   | Noticed a death yak
  4186 | Lair:3   | Reached skill level 10 in Conjurations
  4237 | Lair:3   | Noticed a seven-headed hydra
  4247 | Lair:3   | Killed a seven-headed hydra
  4248 | Lair:3   | Reached skill level 5 in Ice Magic
  4262 | Lair:3   | Killed from afar by Gastronok

Illustrated notes

Levels and vault maps discovered:
D:1:      minmay_arrival_widening_spiral_wide, layout_loops_cross, serial_shops,
          shop, shapermc_ecumenical_altar_gd, st_stairs_4, hex_tiny
D:2:      layout_rooms, uniq_natasha
D:3:      layout_rooms, minmay_diced_spiral
D:4:      lemuel_castle_with_subvaults [lemuel_castle_interior_carwin_3],
          layout_basic, serial_shops, nicolae_square_shop
D:5:      layout_loops_ring, minmay_temple_entry_wispy, minmay_misc_feat_five,
          chequers_jeans, uniq_blork_the_orc
D:6:      layout_basic, ebering_ghost_rock_garden, gup_sewer_entry_pipe,
          serial_shops, shop, minmay_misc_feat_x
D:7:      layout_layer_cave, enter_bailey_8, serial_shops, shop, st_stairs_14,
          hangedman_glass_teeth, chequers_serial_rivers_small_3, minmay_between
D:8:      layout_rooms, chequers_temple_overflow_statue_of_worship,
          david_lair_generic
Temple:   minmay_crystal_spiral_temple
Lair:1:   layout_long_grid, enter_volcano_2, hellmonk_ghost_happy_afterlife,
          lemuel_old_faithful
Lair:2:   wander_river, layout_loops_ring, nzn_masters_of_martial_movement
Lair:3:   layout_regular_city, swamp_mist_pool,
          minmay_snake_entry_guardpost_small, uniq_gastronok

Skill      XL: |  1  2  3  4  5  6  7  8  9 10 11 |
---------------+----------------------------------+-----
Conjurations   | 2 3 4 5 6 8 9 10 | 10.0
Fire Magic     | 4 5 6 7 8 |  8.0
Dodging        | 3 5 8 |  8.9
Stealth        | 3 5 |  5.0
Invocations    | 3 5 7 8 |  8.0
Evocations     | 3 |  3.0
Air Magic      | 2 |  2.9
Spellcasting   | 8 |  8.0
Ice Magic      | 2 4 5 |  5.4

Action                   |  1- 3 |  4- 6 |  7- 9 | 10-12 || total
-------------------------+-------+-------+-------+-------++-------
Melee: Unarmed           |       |     1 |       |       ||     1
       Dagger            |       |       |     1 |     8 ||     9
 Cast: Foxfire           |    42 |   106 |   220 |    46 ||   414
       Sticky Flame      |       |     2 |    13 |    19 ||    34
       Conjure Flame     |       |     1 |     1 |       ||     2
       Fireball          |       |       |     1 |    13 ||    14
       Freezing Cloud    |       |       |       |     2 ||     2
Invok: Channel Magic     |       |       |     1 |     3 ||     4
Evoke: Wand              |       |       |    10 |    10 ||    20
  Use: Potion            |     1 |     1 |     1 |     2 ||     5
       Scroll            |       |     2 |     5 |     3 ||    10
 Stab: Paralysed         |       |       |     1 |     8 ||     9
Armor: Robe              |       |     4 |     5 |    11 ||    20
       Skin              |       |       |     3 |       ||     3
Dodge: Dodged            |     3 |    15 |    18 |    51 ||    87

Table legend: (Time is in decaauts)
 A = Elapsed time spent in this place.
 B = Non-inter-level travel time spent in this place.
 C = Inter-level travel time spent in this place.
 D = Time resting spent in this place.
 E = Time spent auto-exploring this place.
 F = Levels seen in this place.
 G = Mean time per level.
                   A        B        C        D        E       F      G
               +--------+--------+--------+--------+--------+-----+--------+
         Total |   4420 |   4369 |     51 |      0 |      0 |  13 |  340.0 |
       Dungeon |   2920 |   2898 |     22 |      0 |      0 |   8 |  365.0 |
        Temple |     62 |     33 |     29 |      0 |      0 |   1 |   62.0 |
          Lair |    905 |    905 |      0 |      0 |      0 |   3 |  301.7 |
         Sewer |    532 |    532 |      0 |      0 |      0 |   1 |  532.0 |
               +--------+--------+--------+--------+--------+-----+--------+

Top non-repeatable levels by time:
   Sewer: 532 daAuts
     D:1: 532 daAuts
     D:6: 498 daAuts
  Lair:2: 442 daAuts
     D:5: 407 daAuts
     D:4: 404 daAuts
     D:3: 300 daAuts
  Lair:1: 273 daAuts
     D:2: 268 daAuts
     D:7: 268 daAuts
     D:8: 240 daAuts
  Lair:3: 190 daAuts
  Temple: 62 daAuts
